 Dungeon Crawl Stone Soup version 0.19.1 (webtiles) character file.

6463 CanadianGator the Cleaver (level 11, -11/95 HPs)
             Began as a Hill Orc Fighter on Dec 6, 2016.
             Was an Initiate of Yredelemnul.
             Mangled by a white ugly thing (12 damage)
             ... on level 8 of the Dungeon.
             The game lasted 00:22:06 (8017 turns).

CanadianGator the Cleaver (Hill Orc Fighter)        Turns: 8017, Time: 00:22:08

Health: -11/95     AC: 14    Str: 23    XL:     11   Next: 0%
Magic:  26/26      EV: 12    Int:  8    God:    Yredelemnul [......]
Gold:   620        SH:  0    Dex: 10    Spells: 0 memorised, 10 levels left

rFire  + . .     SeeInvis +     H - +0 battleaxe
rCold  . . .     Gourm    .     J - +1 scale mail {rF+}
rNeg   . . .     Faith    .     (shield currently unavailable)
rPois  .         Spirit   .     (helmet restricted)
rElec  .         Reflect  .     n - +0 cloak
rCorr  .         Harm     .     (no gloves)
MR     .....                    s - +1 pair of boots
Stlth  ..........               D - amulet of magic regeneration
                                P - ring of see invisible
                                r - ring of magical power

@: no status effects
A: horns 1, molten scales 1, high mp 1, sense surroundings 1
a: Renounce Religion


You were on level 8 of the Dungeon.
You worshipped Yredelemnul.
Yredelemnul was noncommittal.
You were not hungry.

You visited 2 branches of the dungeon, and saw 9 of its levels.
You also visited: Sewer.

You collected 620 gold pieces.

Inventory:

Hand Weapons
 H - a +0 battleaxe (weapon)
Armour
 b - a +0 scale mail
 d - a +0 chain mail
 n - a +0 cloak (worn)
 s - a +1 pair of boots (worn)
 J - a +1 scale mail of fire resistance (worn)
Jewellery
 r - a ring of magical power (left hand)
 t - an uncursed ring of fire
 D - an amulet of magic regeneration (around neck)
 P - a ring of see invisible (right hand)
Wands
 k - a wand of confusion (9/48)
 B - a wand of digging (12/24)
 I - a wand of flame (3/48)
 O - a wand of polymorph (22/24)
Scrolls
 e - 3 scrolls of magic mapping
 g - a scroll of vulnerability {unknown}
 h - 8 scrolls of fear
 l - a scroll of enchant armour {unknown}
 o - a scroll of immolation {unknown}
 q - 3 scrolls of noise {unknown}
 v - 4 scrolls of recharging {unknown}
 x - 7 scrolls of remove curse {unknown}
 y - 2 scrolls of amnesia {unknown}
 z - 2 scrolls of teleportation {unknown}
 C - 2 scrolls of fog {unknown}
 F - a scroll of silence {unknown}
 G - a scroll of blinking {unknown}
 K - a scroll of brand weapon {unknown}
 L - a scroll of enchant weapon {unknown}
Potions
 a - a potion of haste {unknown}
 i - 2 potions of heal wounds
 j - a potion of agility {unknown}
 m - a potion of resistance
 A - a potion of brilliance
 E - a potion of curing {unknown}
 M - a potion of cancellation {unknown}
Comestibles
 c - a royal jelly
 f - 6 bread rations
 u - a meat ration
 w - a beef jerky
 N - 4 fruits


   Skills:
 + Level 8.3 Fighting
 * Level 12.3 Axes
 + Level 8.1 Armour
 + Level 5.3 Dodging
   Level 3.2 Shields
 + Level 4.3 Invocations
 + Level 5.9 Evocations


You had 10 spell levels left.
You didn't know any spells.

Dungeon Overview and Level Annotations

Branches:
Dungeon (8/15)             Temple (1/1) D:7
   Lair: D:8-11

Altars:
Ashenzari
Cheibriados
Dithmenos
Elyvilon
Fedhas
Gozag
Hepliaklqana
Kikubaaqudgha
Makhleb
Nemelex Xobeh
Okawaru
Qazlal
Ru
Sif Muna
Trog
Uskayaw
Vehumet
Xom
Yredelemnul
Zin
The Shining One

Shops:
D:5 :


Innate Abilities, Weirdness & Mutations

You have a pair of small horns on your head.
You are partially covered in molten scales. (AC +2)
You have an increased reservoir of magic. (+10% MP)
You passively map a small area around you.


Message History

The orc priest is almost dead.
You closely miss the white ugly thing.
The orc priest threatens, "By the altar or by the axe, you will meet Beogh!"
The white ugly thing tail-slaps you but does no damage.
The orc priest barely misses you.
Unknown command.
You closely miss the white ugly thing.
Your headbutt misses the white ugly thing.
The white ugly thing is severely wounded.
You slash the orc priest!
You kill the orc priest!
Yredelemnul accepts your kill.
You have reached level 11!
The white ugly thing tail-slaps you. The white ugly thing freezes you!!
* * * LOW HITPOINT WARNING * * *
The white ugly thing tail-slaps you.
* * * LOW HITPOINT WARNING * * *
The white ugly thing freezes you!
You die...
Your body rises from the dead as a mindless zombie.

######........####
######.......#
##......#....<#
#######..####.#######
#.......## #.####
####.#### #....#####
#...## ####.#...#
###..##### #.....# *
##@....# ##....#
#...#.# ....
.......^... * ,,.....
.J.##..(#..
........(#..


You could see a white ugly thing.

Vanquished Creatures
  Gastronok (D:8)
  Pikel (D:4)
  The ghost of ARFLORD the Destroyer, a novice DECj (D:8)
  Joseph (D:7)
  The ghost of mexichick the Conjurer, a novice DECj (D:5)
  Grum (D:8)
  A water moccasin (D:5)
  4 slaves (D:4)
  Purgy (Sewer)
  A phantom (D:4)
  A sky beast (D:8)
  2 black bears
  4 ogres
  4 wolves (D:8)
  3 centaurs
  A bullfrog (D:7)
  A gnoll sergeant (D:7)
  A water moccasin skeleton (D:4)
  4 scorpions
  A howler monkey (D:5)
  8 wights (D:6)
  2 crimson imps
  2 centaur zombies
  3 hounds
  Crazy Yiuf (D:7)
  A bullfrog zombie (D:5)
  4 jellies
  2 orc priests
  8 orc wizards
  5 iguanas
  2 worker ants
  3 gnolls (D:7)
  11 adders
  A howler monkey skeleton (D:4)
  A river rat (D:3)
  A shadow imp (D:6)
  6 oozes
  6 worms
  3 dart slugs
  7 leopard geckos
  29 orcs
  4 giant cockroaches
  3 goblins (D:1)
  4 hobgoblins
  8 jackals
  9 kobolds
  A quokka (D:2)
  11 bats
  4 frilled lizards
  7 rats
192 creatures vanquished.

Vanquished Creatures (others)
  An orc wizard (D:7)
1 creature vanquished.

Grand Total: 193 creatures vanquished

Notes
Turn   | Place    | Note
-------+----------+-------------------------------------------
     0 | D:1      | CanadianGator the Hill Orc Fighter began the quest for the Orb.
     0 | D:1      | Reached XP level 1. HP: 19/19 MP: 1/1
    73 | D:1      | Reached skill level 3 in Axes
    73 | D:1      | Reached XP level 2. HP: 21/27 MP: 2/2
   305 | D:1      | Reached XP level 3. HP: 21/33 MP: 3/3
   313 | D:1      | Reached skill level 1 in Dodging
  1328 | D:2      | Reached skill level 4 in Axes
  1356 | D:2      | Reached XP level 4. HP: 40/40 MP: 4/4
  2367 | D:3      | Reached XP level 5. HP: 33/47 MP: 5/5
  2375 | D:3      | Found a glowing drain.
  2379 | Sewer    | Entered a sewer
  2526 | Sewer    | Noticed Purgy
  2532 | Sewer    | Gained mutation: You have a pair of small horns on your head. [potion of mutation]
  2532 | Sewer    | Gained mutation: You have an increased reservoir of magic. (+10% MP) [potion of mutation]
  2532 | Sewer    | Gained mutation: You are partially covered in molten scales. (AC +2) [potion of mutation]
  2569 | Sewer    | Killed Purgy
  2569 | Sewer    | Reached skill level 5 in Axes
  2569 | Sewer    | Reached skill level 1 in Evocations
  2990 | D:3      | Reached XP level 6. HP: 53/53 MP: 7/7
  3678 | D:4      | Reached skill level 5 in Fighting
  3706 | D:4      | Reached skill level 6 in Axes
  3706 | D:4      | Reached XP level 7. HP: 59/61 MP: 9/9
  3851 | D:4      | Noticed Pikel
  3861 | D:4      | Killed Pikel
  3861 | D:4      | Reached skill level 7 in Axes
  3861 | D:4      | Reached skill level 5 in Armour
  3861 | D:4      | Reached XP level 8. HP: 70/70 MP: 11/11
  3963 | D:4      | Found an opulent altar of Gozag.
  4083 | D:4      | Reached skill level 8 in Axes
  4325 | D:5      | Entered Level 5 of the Dungeon
  4338 | D:5      | Noticed mexichick's ghost (novice DECj)
  4356 | D:5      | Killed mexichick's ghost
  4383 | D:5      | Reached skill level 9 in Axes
  4466 | D:5      | Reached XP level 9. HP: 50/78 MP: 13/13
  4526 | D:5      | Found Vicavoys's Book Boutique.
  5263 | D:6      | Reached skill level 10 in Axes
  5318 | D:6      | Gained mutation: You passively map a small area around you. [potion of beneficial mutation]
  6254 | D:7      | Reached skill level 11 in Axes
  6279 | D:7      | Reached XP level 10. HP: 33/86 MP: 15/15
  6609 | D:7      | Found a staircase to the Ecumenical Temple.
  6763 | Temple   | Entered the Ecumenical Temple
  6858 | Temple   | Became a worshipper of Yredelemnul the Dark
  6897 | D:7      | Noticed Joseph
  6927 | D:7      | Killed Joseph
  6927 | D:7      | Reached skill level 1 in Invocations
  6927 | D:7      | Reached skill level 5 in Evocations
  7217 | D:7      | Found a runed door.
  7221 | D:7      | Noticed Crazy Yiuf
  7233 | D:7      | Killed Crazy Yiuf
  7295 | D:8      | Noticed Gastronok
  7321 | D:8      | Killed Gastronok
  7321 | D:8      | Reached skill level 5 in Dodging
  7515 | D:8      | Noticed ARFLORD's ghost (novice DECj)
  7526 | D:8      | Killed ARFLORD's ghost
  7526 | D:8      | Reached skill level 12 in Axes
  7632 | D:8      | Noticed Grum
  7647 | D:8      | Killed Grum
  8007 | D:8      | Noticed a white ugly thing
  8017 | D:8      | Reached XP level 11. HP: 35/95 MP: 17/17
  8017 | D:8      | HP: 2/95 [white ugly thing (31)]
  8017 | D:8      | Mangled by a white ugly thing

Skill      XL: |  1  2  3  4  5  6  7  8  9 10 |
---------------+-------------------------------+-----
Axes           | 3 4 5 6 7 9 11 12 | 12.3
Dodging        | 1 2 3 4 5 |  5.3
Fighting       | 4 5 6 7 8 |  8.3
Armour         | 4 5 6 7 8 |  8.1
Evocations     | 1 2 3 4 5 |  5.9
Invocations    | 4 |  4.3
Shields        | |  3.2

Action                   |  1- 3 |  4- 6 |  7- 9 | 10-12 || total
-------------------------+-------+-------+-------+-------++-------
Melee: War axe           |   130 |   197 |   240 |       ||   567
       Headbutt          |       |     9 |    61 |    37 ||   107
       Battleaxe         |       |       |    69 |   136 ||   205
Evoke: Wand              |       |       |     2 |    12 ||    14
  Use: Scroll            |       |     6 |     5 |       ||    11
       Potion            |       |     3 |     4 |     3 ||    10
 Stab: Distracted        |       |       |     1 |       ||     1
       Confused          |       |       |     1 |       ||     1
       Invisible         |       |       |       |     1 ||     1
  Eat: Chunk             |     1 |     1 |     2 |     2 ||     6
       Bread ration      |       |     1 |       |       ||     1
       Meat ration       |       |     1 |     1 |     1 ||     3
Armor: Scale mail        |    66 |   135 |   155 |    59 ||   415
Dodge: Dodged            |    36 |    80 |   115 |    74 ||   305
Block: Shield            |    83 |   119 |    91 |       ||   293
